 Dungeon Crawl Stone Soup version 0.32-a0-999-gfa1cc04b1d (webtiles) character file.

Game seed: 18386814596123765712

7 protoss039 the Digger (level 1, 0/14 HPs)
             Began as a Demonspawn Earth Elementalist on Apr 24, 2024.
             Slain by a jackal (3 damage)
             ... on level 1 of the Dungeon.
             The game lasted 00:00:24 (299 turns).

protoss039 the Digger (DsEE)                         Turns: 299, Time: 00:00:25

Health: 0/14       AC:  5    Str:  8    XL:     1   Next: 91%
Magic:  1/3        EV:  9    Int: 15    God:
Gold:   76         SH:  0    Dex: 13    Spells: 3/4 levels left

rFire   . . .        (no weapon)
rCold   . . .        (no shield)
rNeg    . . .        d - +0 ring mail
rPois   .            (no helmet)
rElec   .            (no cloak)
rCorr   .            (no gloves)
SInv    .            (no boots)
Will    .....        (no amulet)
Stlth   +            (no ring)
HPRegen 0.22/turn    (no ring)
MPRegen 0.08/turn

%: no passive effects
@: no status effects
A: no striking features
a: no special abilities


You were on level 1 of the Dungeon.
You visited 1 branch of the dungeon, and saw 1 of its levels.

You collected 76 gold pieces.

Inventory:

Armour
 a - a +0 robe
 d - a +0 ring mail (worn)
Scrolls
 e - a scroll of revelation {unknown}
 f - a scroll of teleportation {unknown}
Potions
 b - a potion of magic
 c - a potion of degeneration {unknown}


   Skills:
 + Level 0.7 Fighting
 - Level 1.7 Dodging
 - Level 1.7 Stealth
 + Level 2.2 Spellcasting
 - Level 1.0 Conjurations
 + Level 2.8 Earth Magic


You had 3 spell levels left.
You knew the following spells:

 Your Spells              Type           Power      Damage    Failure   Level
a - Sandblast             Erth           20%        2d7       21%         1

Your spell library contained the following spells:

 Spells                   Type           Power      Damage    Failure   Level
 Passwall                 Erth           10%        N/A       52%         3
 Stone Arrow              Conj/Erth      14%        3d7       65%         3
 Inner Flame              Hex/Fire       1%         N/A       90%         3
 Brom's Barrelling Bould  Conj/Erth      7%         2d3       96%         4
 Petrify                  Alch/Erth      5%         N/A       98%         4
 Flame Wave               Conj/Fire      3%         2d5       99%         4
 Sticky Flame             Fire/Alch      1%         2d4       100%        4


Dungeon Overview and Level Annotations

Branches:
Dungeon (1/15) Zot: 5694

Altars:


Message History

The jackal bites you.
Unknown command.
Casting: Sandblast (safe; 21% risk of failure)
Confirm with . or Enter, or press ? or * to list all spells.
Aiming: Sandblast (safe; 21% risk of failure)
Press: ? - help, Shift-Dir - straight line, f - jackal
Aim: a jackal (77% to hit)
The blast of sand hits the jackal.
The jackal is heavily wounded.
The jackal bites you. x2
Unknown command.
Casting: Sandblast (safe; 21% risk of failure)
Confirm with . or Enter, or press ? or * to list all spells.
Aiming: Sandblast (safe; 21% risk of failure)
Press: ? - help, Shift-Dir - straight line, f/p - jackal
Aim: a jackal (heavily wounded, 77% to hit)
The blast of sand misses the jackal.
The jackal closely misses you. The hobgoblin barely misses you.
The jackal bites you but does no damage.
The hobgoblin hits you.
Unknown command.
Casting: Sandblast (safe; 21% risk of failure)
Confirm with . or Enter, or press ? or * to list all spells.
You don't have enough magic to cast this spell.
Unknown command.
The jackal attacks as it pursues you! The jackal closely misses you.
The jackal barely misses you. The jackal attacks as it pursues you!
The jackal bites you. The jackal attacks as it pursues you!
The jackal bites you but does no damage.
The jackal stops to sniff the ground.
The jackal bites you.
* * * LOW HITPOINT WARNING * * *
The jackal bites you but does no damage.
You hit the jackal but do no damage.
The jackal is heavily wounded.
The jackal bites you.
* * * LOW HITPOINT WARNING * * *
The jackal bites you.
You die...

........# ######### ........#
#.........# ###### ........#
#.........###... . ........#
#.............## #
....!...####.........##...##
..........# ......#..#..#..##
........#.#####..###...###.##
........#g##..>...#..#..#....
.......##.##@####...###...###
#.....# #..#h# ##.###.....##
###### ##.g.# ##...#......##
###.## #..#.....#.[## ##....#
#.###...###.# #..##.#
#..#..#..#..#
###.###.####...###...##
#...###.##.....# #####
###.####.......###


You could see a jackal and a hobgoblin.

Vanquished Creatures
  A giant cockroach (D:1)
  2 hobgoblins (D:1)
  A jackal (D:1)
  A quokka (D:1)
  A bat (D:1)
6 creatures vanquished.

Notes
Turn   | Place    | Note
-------+----------+-------------------------------------------
     0 | D:1      | protoss039 the Demonspawn Earth Elementalist began the
                  | quest for the Orb.
     0 | D:1      | Reached XP level 1. HP: 13/13 MP: 3/3
   120 | D:1      | Found a faded altar of an unknown god.
   299 | D:1      | Slain by a jackal

Illustrated notes

Levels and vault maps discovered:
D:1:      dpeg_arrival_arbitrary_c, layout_rooms,
          hellmonk_ecumenical_altar_heavens_door, minmay_crystal_room,
          minmay_strange_pillars

Action                     || total
---------------------------++-------
  Melee: Unarmed           ||     9
   Cast: Sandblast         ||    12
 Armour: Ring mail         ||    15
  Dodge: Dodged            ||    15

Table legend: (Time is in decaauts)
 A = Elapsed time spent in this place.
 B = Non-inter-level travel time spent in this place.
 C = Inter-level travel time spent in this place.
 D = Time resting spent in this place.
 E = Time spent auto-exploring this place.
 F = Levels seen in this place.
 G = Mean time per level.
                   A        B        C        D        E       F      G
               +--------+--------+--------+--------+--------+-----+--------+
         Total |    305 |    285 |     20 |      0 |    217 |   1 |  305.0 |
       Dungeon |    305 |    285 |     20 |      0 |    217 |   1 |  305.0 |
               +--------+--------+--------+--------+--------+-----+--------+

Top non-repeatable levels by time:
     D:1: 305 daAuts
